 Dungeon Crawl Stone Soup version 0.28-a0-312-gbced6e68ee (webtiles) character file.

Game seed: 1448332339062579507

2428 theanonym the Basher (level 9, -9/72 HPs)
             Began as a Mummy Cinder Acolyte on Aug 30, 2021.
             Was an Elder of Ignis.
             Killed from afar by Erica (24 damage)
             ... with a lance of force
             ... on level 8 of the Dungeon.
             The game lasted 00:12:51 (10078 turns).

theanonym the Basher (Mummy Cinder Acolyte)        Turns: 10078, Time: 00:12:52

Health: -9/72      AC: 11    Str: 21    XL:     9   Next: 24%
Magic:  11/11      EV:  5    Int: 12    God:    Ignis [****..]
Gold:   114        SH:  4    Dex: 11    Spells: 9/10 levels left

rFire   + . .      SeeInvis .   a - +4 morningstar of Mourning {drain, +Blink rF+ rCorr Dex+3}
rCold   + . .      Faith    .   c - +0 buckler
rNeg    + + +      Spirit   .   i - +0 plate armour
rPois   ∞          Reflect  .   m - +0 helmet
rElec   .          Harm     .   (no cloak)
rCorr   +          Rampage  .   (no gloves)
Will    ++...                   (no boots)
Stlth   ..........              (no amulet)
HPRegen 0.22/turn               g - ring of willpower {Will+}
MPRegen 0.12/turn               n - ring of flight

@: flying
A: cold resistance 1, negative energy resistance 3, torment resistance 2, heat
vulnerability 1, no potions
a: Renounce Religion, Evoke Blink, Sea of Fire, Foxfire Swarm, Rising Flame


Innate Abilities, Weirdness & Mutations

You are immune to poison.
Your flesh is cold resistant. (rC+)
You are immune to negative energy. (rN+++)
You are immune to unholy pain and torment.
You are vulnerable to heat. (rF-)
You do not drink.


   Skills:
 + Level 7.3 Fighting
 * Level 8.5 Maces & Flails
 + Level 3.3 Shields
 - Level 1.3 Spellcasting
 - Level 0.7 Fire Magic


You had 9 spell levels left.
You knew the following spells:

 Your Spells              Type           Power      Damage    Failure   Level
a - Foxfire               Conj/Fire      4%         2x1d4     100%        1

Your spell library contained the following spells:

 Spells                   Type           Power      Damage    Failure   Level
 Animate Skeleton         Necr           0%         N/A       100%        1
 Pain                     Necr           0%         1d4       100%        1
 Sandblast                Erth           0%         2d4       100%        1
 Passwall                 Tmut/Erth      0%         N/A       100%        2
 Dazzling Flash           Conj/Hex       0%         N/A       100%        3
 Vampiric Draining        Necr           0%         2d6       100%        3
 Agony                    Necr           0%         N/A       100%        5
 Lee's Rapid Deconstruct  Erth           0%         3d5*      100%        5
 Silence                  Hex/Air        0%         N/A       100%        5

Skill      XL: |  1  2  3  4  5  6  7  8  9 |
---------------+----------------------------+-----
Maces & Flails | 3 4 5 6 8 |  8.5
Fighting       | 4 5 6 7 |  7.3
Shields        | 2 3 |  3.3
Spellcasting   | |  1.3
Fire Magic     | |  0.7

Action                   |  1- 3 |  4- 6 |  7- 9 || total
-------------------------+-------+-------+-------++-------
Melee: Mace              |   163 |    66 |    61 ||   290
       Whip              |       |   156 |    54 ||   210
       Morningstar       |       |       |   104 ||   104
       Flail             |       |       |     3 ||     3
Throw: Throwing net      |       |       |     1 ||     1
Invok: Foxfire Swarm     |       |       |     3 ||     3
Evoke: Wand              |       |    11 |     6 ||    17
  Use: Scroll            |       |       |     7 ||     7
 Stab: Sleeping          |     1 |       |       ||     1
       Held in net/web   |       |       |     1 ||     1
Armor: Robe              |    20 |       |       ||    20
       Chain mail        |    64 |   136 |   100 ||   300
       Scale mail        |     8 |       |       ||     8
       Plate armour      |       |       |    10 ||    10
Dodge: Dodged            |   105 |    85 |    59 ||   249
Block: Buckler           |       |       |    27 ||    27

Inventory:

Hand Weapons
 a - the +4 morningstar of Mourning (weapon) {drain, +Blink rF+ rCorr Dex+3} A truly terrible weapon, it drains the life of any living foe it strikes. Dex: It affects your dexterity (+3). rF: It protects you from fire. +Blink: It lets you blink. rCorr: It protects you from acid and corrosion.
Armour
 c - a +0 buckler (worn)
 i - a +0 plate armour (worn)
 m - a +0 helmet (worn)
Jewellery
 g - a ring of willpower (left hand) {Will+}
 n - a ring of flight (right hand)
Wands
 h - a wand of charming (8)
 w - a wand of flame (16)
Scrolls
 b - a scroll of brand weapon
 d - a scroll of noise
 e - a scroll of enchant weapon {unknown}
 f - a scroll of immolation
 j - a scroll of vulnerability {unknown}
 k - 2 scrolls of amnesia
 l - a scroll of torment {unknown}
 o - a scroll of magic mapping {unknown}
 p - a scroll of holy word {unknown}
 t - 4 scrolls of teleportation
 B - 2 scrolls of blinking


You were on level 8 of the Dungeon.
You worshipped Ignis.
Ignis was greatly pleased with you.
You visited 1 branch of the dungeon, and saw 8 of its levels.

You collected 312 gold pieces.
You spent 198 gold pieces at shops.

Dungeon Overview and Level Annotations

Branches:
Dungeon (8/15)             Temple (0/1) D:7
   Lair: D:8-11

Altars:

Shops:
D:1 *   D:5 *   D:7 *

Annotations:
D:5 2 transporters, sn0wgr3's ghost, novice MiFi
D:8 Erica

#.. ... #.# #.# #.#
#c# #{# ####.##
#..@..# #.##.##
#.#### #.#
##########.#######
##.................
..........#........
#........########.
#.....<..#


You could see a centaur.

Notes
Turn   | Place    | Note
-------+----------+-------------------------------------------
     0 | D:1      | theanonym the Mummy Cinder Acolyte began the quest for the
                  | Orb.
     0 | D:1      | Reached XP level 1. HP: 18/18 MP: 2/2
     9 | D:1      | Found Cegykije's Assorted Antiques.
   131 | D:1      | HP: 9/18 [hobgoblin (2)]
   138 | D:1      | HP: 6/18 [hobgoblin (3)]
   376 | D:1      | HP: 8/18 [hobgoblin (2)]
   378 | D:1      | Reached XP level 2. HP: 12/24 MP: 4/4
   738 | D:1      | Reached skill level 3 in Maces & Flails
   808 | D:1      | Found a faded altar of an unknown god.
  1130 | D:1      | Reached XP level 3. HP: 27/29 MP: 5/5
  2022 | D:2      | Reached XP level 4. HP: 30/37 MP: 6/6
  2551 | D:3      | HP: 16/37 [adder (3)]
  2556 | D:3      | HP: 12/37 [adder (1)]
  2565 | D:3      | HP: 9/37 [ball python (1)]
  3029 | D:3      | Reached skill level 4 in Fighting
  3029 | D:3      | Reached skill level 4 in Maces & Flails
  3216 | D:3      | Reached XP level 5. HP: 39/42 MP: 7/7
  3949 | D:4      | HP: 18/42 [scorpion (6)]
  4429 | D:4      | Identified the +10 dagger of Kindness {drain, rElec Dex+7}
  4749 | D:5      | Entered Level 5 of the Dungeon
  4749 | D:5      | Noticed an ogre
  4808 | D:5      | Found a transporter.
  4809 | D:5      | Noticed sn0wgr3's ghost (novice MiFi)
  4829 | D:5      | Noticed a black bear
  4879 | D:5      | Reached XP level 6. HP: 41/49 MP: 8/8
  5108 | D:5      | Found a transporter.
  5191 | D:5      | Reached skill level 5 in Maces & Flails
  5202 | D:5      | HP: 22/49 [gnoll shaman (9)]
  5564 | D:5      | Reached skill level 5 in Fighting
  5671 | D:5      | HP: 25/51 [wight (8)]
  5677 | D:5      | Reached XP level 7. HP: 18/56 MP: 9/9
  5677 | D:5      | HP: 11/56 [wight (7)]
  5975 | D:5      | Reached skill level 6 in Maces & Flails
  6060 | D:5      | Noticed Menkaure
  6069 | D:5      | HP: 26/56 [Menkaure (12)]
  6325 | D:5      | HP: 27/56 [gnoll (5)]
  6334 | D:5      | HP: 21/56 [gnoll (2)]
  6339 | D:5      | HP: 19/56 [gnoll (3)]
  6381 | D:6      | HP: 23/56 [gnoll (3)]
  6735 | D:5      | Killed Menkaure
  6799 | D:5      | Found Ititt's CLEARANCE SALE! EVERYTHING MUST GO!.
  6807 | D:5      | Bought a +0 buckler for 18 gold pieces
  6893 | D:5      | Reached skill level 6 in Fighting
  6893 | D:5      | Reached XP level 8. HP: 53/64 MP: 10/10
  7209 | D:6      | Reached skill level 1 in Shields
  7256 | D:6      | Noticed Sigmund
  7285 | D:6      | HP: 32/64 [something (5)]
  7286 | D:6      | Killed Sigmund
  7287 | D:6      | Reached skill level 7 in Maces & Flails
  7938 | D:1      | Bought a shimmering morningstar for 180 gold pieces
  7938 | D:1      | Identified the +4 morningstar of Mourning {drain, +Blink
                  | rF+ rCorr Dex+3} (You bought it in a shop on level 1 of the
                  | Dungeon)
  8097 | D:6      | Reached skill level 2 in Shields
  8588 | D:7      | HP: 24/65 [wight (9)]
  8873 | D:7      | Found a staircase to the Ecumenical Temple.
  8888 | D:7      | Reached skill level 7 in Fighting
  8888 | D:7      | Reached skill level 8 in Maces & Flails
  9005 | D:7      | Reached XP level 9. HP: 72/72 MP: 11/11
  9185 | D:7      | Reached skill level 3 in Shields
  9653 | D:7      | Found Muuxe's Serpentskin Sales.
 10067 | D:8      | Noticed Erica
 10077 | D:8      | HP: 18/72 [something (20)]
 10078 | D:8      | Killed from afar by Erica

Vanquished Creatures
  Sigmund (D:6)
  Menkaure (D:5)
  2 orc warriors
  A water moccasin (D:7)
  2 ice beasts
  An ogre (D:5)
  A centaur (D:6)
  A bullfrog (D:7)
  A scorpion (D:4)
  A water moccasin skeleton (D:6)
  13 wights
  A bullfrog zombie (D:6)
  2 centaur zombies
  An orc priest (D:6)
  A jelly (D:5)
  A centaur skeleton (D:7)
  2 gnoll shamans (D:5)
  2 hounds (D:5)
  2 bullfrog skeletons (D:5)
  2 iguanas
  5 orc wizards
  A killer bee zombie (D:6)
  6 gnolls
  9 adders
  2 shadow imps
  An ufetubus (D:6)
  A worm (D:2)
  A dart slug (D:1)
  12 orcs
  6 bats
  8 endoplasms
  A giant cockroach (D:1)
  6 goblins
  7 hobgoblins
  3 jackals (D:2)
  11 kobolds
  A quokka (D:1)
  7 ball pythons
  3 frilled lizards
  8 rats
138 creatures vanquished.

Vanquished Creatures (collateral kills)
  2 gnolls (D:5)
2 creatures vanquished.

Vanquished Creatures (others)
  23 foxfires (D:5)
  10 plants (D:2)
33 creatures vanquished.

Grand Total: 173 creatures vanquished

Table legend: (Time is in decaauts)
 A = Elapsed time spent in this place.
 B = Non-inter-level travel time spent in this place.
 C = Inter-level travel time spent in this place.
 D = Time resting spent in this place.
 E = Time spent auto-exploring this place.
 F = Levels seen in this place.
 G = Mean time per level.
                   A        B        C        D        E       F      G
               +--------+--------+--------+--------+--------+-----+--------+
         Total |  10121 |   9541 |    580 |   3567 |   4624 |   8 | 1265.1 |
       Dungeon |  10121 |   9541 |    580 |   3567 |   4624 |   8 | 1265.1 |
               +--------+--------+--------+--------+--------+-----+--------+

Top non-repeatable levels by time:
     D:5: 1949 daAuts
     D:1: 1713 daAuts
     D:7: 1553 daAuts
     D:6: 1459 daAuts
     D:3: 1417 daAuts
     D:4: 1209 daAuts
     D:2: 792 daAuts
     D:8: 25 daAuts
